 Dungeon Crawl Stone Soup version 0.29-a0-8-g0446c0dae4 (webtiles) character file.

Game seed: 14082106484628117866

26 belegose the Magician (level 3, 0/26 HPs)
             Began as a Djinni Summoner on Jan 27, 2022.
             Slain by an adder (3 damage)
             ... on level 3 of the Dungeon.
             The game lasted 00:02:51 (1630 turns).

belegose the Magician (Djinni Summoner)             Turns: 1630, Time: 00:02:52

Health: 0/26       AC:  2    Str:  9    XL:     3   Next: 22%
Gold:   51         EV: 12    Int: 16    God:
                   SH:  0    Dex: 13

rFire   + + .      SeeInvis .   f - +2 dagger (venom)
rCold   x . .      Faith    .   (no shield)
rNeg    . . .      Spirit   .   a - +0 robe
rPois   ∞          Reflect  .   (no helmet)
rElec   .          Harm     .   (no cloak)
rCorr   .          Rampage  .   (no gloves)
Will    .....                   (boots unavailable)
Stlth   ++........              (no amulet)
HPRegen 0.08/turn               (no ring)
MPRegen 0.00/turn               (no ring)

@: flying
A: sickness immunity, fire resistance 2, cold vulnerability 1, float, innate
caster, hp casting, extra vitality 1
a: no special abilities


You were on level 3 of the Dungeon.
You visited 1 branch of the dungeon, and saw 3 of its levels.

You collected 51 gold pieces.

Inventory:

Hand Weapons
 c - a +0 hand axe of flaming
 f - a +2 dagger of venom (weapon)
Missiles
 h - 2 poisoned darts
 i - 11 stones
Armour
 a - a +0 robe (worn)
Scrolls
 b - a scroll of teleportation {unknown}
 d - 3 scrolls of fog {unknown}
 e - 2 scrolls of enchant armour {unknown}
Potions
 g - a potion of heal wounds {unknown}


   Skills:
 + Level 0.5 Fighting
 + Level 2.7 Dodging
 + Level 2.1 Stealth
 + Level 3.4 Spellcasting


You couldn't memorise any spells.
You knew the following spells:

 Your Spells              Type           Power      Damage    Failure   Level
a - Summon Small Mammal   Summ           52%        N/A       4%          1
b - Call Imp              Summ           13%        N/A       6%          2
c - Call Canine Familiar  Summ           13%        N/A       13%         3
d - Summon Guardian Gole  Hex/Summ       13%        N/A       13%         3
e - Summon Lightning Spi  Summ/Air       13%        N/A       38%         4
f - Animate Skeleton      Necr           26%        N/A       4%          1
Your spell library was empty.

Dungeon Overview and Level Annotations

Branches:
Dungeon (3/15)

Altars:

Annotations:
D:2 Sigmund


Innate Abilities, Weirdness & Mutations

You are immune to sickness and miasma.
You are immune to poison.
Your flesh is very heat resistant. (rF++)
You are vulnerable to cold. (rC-)
You float through the air rather than walking.
You learn spells naturally, not from books.
Your magical power is your life essence.
You have superior vitality. (+4 MHP)


Message History

A goblin comes into view. It is wielding a +0 dagger.
There is a stone staircase leading down here.
A goblin comes into view. It is wielding a +0 dagger.
The goblin shouts!
The goblin hits you with a +0 dagger.
You hit the goblin but do no damage.
The goblin is poisoned.
The goblin closely misses you.
You hit the goblin.
You kill the goblin!
You hit the goblin.
You kill the goblin!
You see here a +0 dagger.
You see here a +0 dagger.
There is a stone staircase leading down here.
A giant cockroach comes into view.
The helpless giant cockroach fails to defend itself.
You puncture the giant cockroach!
You kill the giant cockroach!
A bat comes into view.
The helpless bat fails to defend itself.
You hit the bat.
You kill the bat!
An adder comes into view.
The adder hisses angrily.
You completely miss the adder. The adder barely misses you.
You barely miss the adder. The adder barely misses you.
The adder closely misses you.
You miss the adder. The adder bites you.
You closely miss the adder. The adder bites you.
You miss the adder. The adder bites you.
You barely miss the adder. The adder bites you. x2
You closely miss the adder. The adder barely misses you.
You hit the adder but do no damage.
The adder is poisoned.
The adder misses you.
You barely miss the adder. The adder bites you.
* * * LOW HITPOINT WARNING * * *
The adder bites you.
* * * LOW HITPOINT WARNING * * *
The adder bites you.
You die...

#.......).
###################.......).
.......................>####
#######.###############.# #
#######.###############.# #
....................(...## #
#######.###############..# #
#.####### #..# # #....@S.#
#..### #######.# #...# #.#
#.#.# #.# #...# #.# ##..##
... #.... ... #.#.. ....#
#.#.. .#.## #..#.


You could see an adder (very poisoned).

Vanquished Creatures
  3 bats
  2 endoplasms
  A giant cockroach (D:3)
  3 hobgoblins (D:1)
  3 jackals (D:2)
  2 ball pythons (D:1)
  2 frilled lizards (D:1)
  4 goblins
  A kobold (D:1)
  3 rats (D:1)
24 creatures vanquished.

Notes
Turn   | Place    | Note
-------+----------+-------------------------------------------
     0 | D:1      | belegose the Djinni Summoner began the quest for the Orb.
     0 | D:1      | Reached XP level 1. HP: 15/15 MP: 0/0
   448 | D:1      | Reached XP level 2. HP: 20/21 MP: 0/0
   780 | D:1      | Found a faded altar of an unknown god.
  1118 | D:2      | Noticed Sigmund
  1135 | D:2      | Reached XP level 3. HP: 16/26 MP: 0/0
  1135 | D:2      | Learned a level 1 spell: Animate Skeleton
  1630 | D:3      | Slain by an adder

Illustrated notes

Levels and vault maps discovered:
D:1:      arrival_zaba_pyramid, layout_basic,
          hellmonk_ecumenical_altar_pennies_from_heaven, corexii_corridor_pit,
          grunt_decor_one_mirror, minmay_octomino_j4
D:2:      layout_basic, hangedman_decor_growths, uniq_sigmund, uniq_terence
D:3:      layout_basic, nicolae_ru_sacrificial_ziggurat

Skill      XL: |  1  2 |
---------------+-------+-----
Stealth        | 2 |  2.1
Fighting       | |  0.5
Dodging        | |  2.7
Spellcasting   | |  3.4

Action                   || total
-------------------------++-------
Melee: Hand axe          ||    21
       Dagger            ||    45
 Stab: Sleeping          ||     4
Armor: Robe              ||    14
Dodge: Dodged            ||    64

Table legend: (Time is in decaauts)
 A = Elapsed time spent in this place.
 B = Non-inter-level travel time spent in this place.
 C = Inter-level travel time spent in this place.
 D = Time resting spent in this place.
 E = Time spent auto-exploring this place.
 F = Levels seen in this place.
 G = Mean time per level.
                   A        B        C        D        E       F      G
               +--------+--------+--------+--------+--------+-----+--------+
         Total |   1636 |   1507 |    129 |    189 |    953 |   3 |  545.3 |
       Dungeon |   1636 |   1507 |    129 |    189 |    953 |   3 |  545.3 |
               +--------+--------+--------+--------+--------+-----+--------+

Top non-repeatable levels by time:
     D:1: 1096 daAuts
     D:3: 306 daAuts
     D:2: 232 daAuts
